TOP OF THE 1ST |
Reno Aces batting - Pitching for Albuquerque Isotopes : RHP Miguel Almonte
|
Pitching: RHP Miguel Almonte
|
|
Batting: RHB Michael O'Neill
|
0-0: Ball 1-0: Ball 2-0: Called Strike 2-1: Ball 3-1: Bunt for hit - play at first, batter OUT! 3-4
|
Batting: RHB Johan Cruz
|
0-0: Ball 1-0: Fly out, F9 (Line Drive, 9)
|
Batting: RHB Gleyber Torres
|
0-0: Ball 1-0: Ball 2-0: Ball 3-0: Base on Balls
|
Batting: LHB Austin Byler
|
0-0: Called Strike 0-1: Ball 1-1: Ball 2-1: Called Strike 2-2: Ball 3-2: Foul Ball, location: 2F 3-2: DOUBLE (Groundball, 3L) Gleyber Torres to third Gleyber Torres scores
|
Batting: RHB Ricky Eusebio
|
0-0: Ball 1-0: Foul Ball, location: 2F 1-1: Ball 2-1: Foul Ball, location: 2F 2-2: SINGLE (Groundball, 6MD) Austin Byler to third Runner from 3rd tries for Home, SAFE, throw made home
|
Batting: LHB Pavin Smith
|
0-0: Ball 1-0: Fielders Choice at 2nd, U4 (Groundball, 4M)
|
Top of the 1st over - 2 runs, 2 hits, 0 errors, 1 left on base; Reno 2 - Albuquerque 0 |
BOTTOM OF THE 1ST |
Albuquerque Isotopes batting - Pitching for Reno Aces : RHP Grant Holmes
|
Pitching: RHP Grant Holmes
|
|
Batting: RHB Willy Adames
|
0-0: Called Strike 0-1: Ball 1-1: Swinging Strike 1-2: Ball 2-2: Foul Ball, location: 2F 2-2: Ball 3-2: Fly out, F8 (Flyball, 8LM)
|
Batting: LHB James Loney
|
0-0: Ball 1-0: Ball 2-0: Foul Ball, location: 2F 2-1: SINGLE (Line Drive, 56D)
|
Batting: RHB Franklin Gutierrez
|
0-0: Ball 1-0: Called Strike 1-1: Swinging Strike 1-2: Ball 2-2: Strikes out looking
|
Batting: RHB Clint Frazier
|
0-0: Called Strike 0-1: Swinging Strike 0-2: Ball 1-2: Ball 2-2: Ball 3-2: Base on Balls James Loney to second
|
Batting: LHB Conor Gillaspie
|
0-0: Foul Ball, location: 2F 0-1: Ball 1-1: SINGLE (Line Drive, 89S) James Loney to third Clint Frazier to second Runner from 3rd tries for Home, SAFE, no throw
|
Batting: RHB Travis Denker
|
0-0: Ball 1-0: Ball 2-0: Ball 3-0: Called Strike 3-1: Foul Ball, location: 2F 3-2: Foul Ball, location: 2F 3-2: Base on Balls Clint Frazier to third Conor Gillaspie to second
|
Batting: RHB Will Middlebrooks
|
0-0: Ball 1-0: Ball 2-0: Foul Ball, location: 2F 2-1: Fly out, F7 (Line Drive, 7S)
|
Bottom of the 1st over - 1 run, 2 hits, 0 errors, 3 left on base; Reno 2 - Albuquerque 1 |
TOP OF THE 2ND |
Reno Aces batting - Pitching for Albuquerque Isotopes : RHP Miguel Almonte
|
Batting: RHB Zack Short
|
0-0: Ball 1-0: SINGLE (Groundball, 4D)
|
Batting: LHB Jack Zoellner
|
0-0: Foul Ball, location: 2F 0-1: Ball 1-1: Fielders Choice at 2nd, 4-6 (Groundball, 4D)
|
Batting: RHB William Contreras
|
0-0: Called Strike 0-1: Grounds into double play, 6-4-3 (Groundball, 6)
|
Top of the 2nd over - 0 runs, 1 hit, 0 errors, 0 left on base; Reno 2 - Albuquerque 1 |
BOTTOM OF THE 2ND |
Albuquerque Isotopes batting - Pitching for Reno Aces : RHP Grant Holmes
|
Batting: RHB Aarom Baldiris
|
0-0: Ball 1-0: Fly out, F7 (Line Drive, 78D)
|
Batting: LHB Patrick Mazeika
|
0-0: Ball 1-0: Ball 2-0: Ball 3-0: Called Strike 3-1: Foul Ball, location: 2F 3-2: Ground out 3-1 (Groundball, 34)
|
Batting: RHB Willy Adames
|
0-0: Bunt - Flyout! F1
|
Bottom of the 2nd over - 0 runs, 0 hits, 0 errors, 0 left on base; Reno 2 - Albuquerque 1 |
TOP OF THE 3RD |
Reno Aces batting - Pitching for Albuquerque Isotopes : RHP Miguel Almonte
|
Batting: RHB Michael O'Neill
|
0-0: Ball 1-0: Ball 2-0: Ground out 6-3 (Groundball, 6)
|
Batting: RHB Johan Cruz
|
0-0: Ball 1-0: Called Strike 1-1: SINGLE (Line Drive, 8RS)
|
Batting: RHB Gleyber Torres
|
0-0: Ball 1-0: Ball 2-0: Ball Wild Pitch! Johan Cruz to second 3-0: Called Strike 3-1: Foul Ball, location: 2F 3-2: 2-RUN HOME RUN (Flyball, 8LXD), Distance : 451 ft
|
Batting: LHB Austin Byler
|
0-0: Ball 1-0: SOLO HOME RUN (Flyball, 78XD), Distance : 395 ft
|
Batting: RHB Ricky Eusebio
|
0-0: Ball 1-0: Ball 2-0: Ground out 6-3 (Groundball, 6)
|
Batting: LHB Pavin Smith
|
0-0: Called Strike 0-1: Called Strike 0-2: Fly out, F9 (Flyball, 89XD)
|
Top of the 3rd over - 3 runs, 3 hits, 0 errors, 0 left on base; Reno 5 - Albuquerque 1 |
BOTTOM OF THE 3RD |
Albuquerque Isotopes batting - Pitching for Reno Aces : RHP Grant Holmes
|
Batting: LHB James Loney
|
0-0: SINGLE (Line Drive, 3L)
|
Batting: RHB Franklin Gutierrez
|
0-0: 2-RUN HOME RUN (Flyball, 7D), Distance : 387 ft
|
Batting: RHB Clint Frazier
|
0-0: Called Strike 0-1: Swinging Strike 0-2: Ball 1-2: Ball 2-2: Strikes out swinging
|
Batting: LHB Conor Gillaspie
|
0-0: Called Strike 0-1: Ground out 4-3 (Groundball, 4M)
|
Batting: RHB Travis Denker
|
0-0: Ball 1-0: Swinging Strike 1-1: Ground out 3-1 (Groundball, 34S)
|
Bottom of the 3rd over - 2 runs, 2 hits, 0 errors, 0 left on base; Reno 5 - Albuquerque 3 |
TOP OF THE 4TH |
Reno Aces batting - Pitching for Albuquerque Isotopes : RHP Miguel Almonte
|
Batting: RHB Zack Short
|
0-0: SINGLE (Groundball, 56D)
|
Batting: LHB Jack Zoellner
|
0-0: Ball 1-0: Swinging Strike 1-1: Foul Ball, location: 2F 1-2: Ball 2-2: SINGLE (Groundball, 4MD) Zack Short to second Runner from 2nd tries for 3rd, SAFE, no throw
|
Batting: RHB William Contreras
|
0-0: Ball 1-0: Swinging Strike 1-1: Called Strike 1-2: Ball 2-2: Strikes out swinging
|
Batting: RHB Michael O'Neill
|
0-0: Called Strike 0-1: Ground out 5-3 (Groundball, 5S) Zack Short scores Jack Zoellner to second
|
Batting: RHB Johan Cruz
|
0-0: Swinging Strike 0-1: Swinging Strike 0-2: Ball 1-2: Ball 2-2: Fly out, F9 (Flyball, 9LS)
|
Top of the 4th over - 1 run, 2 hits, 0 errors, 1 left on base; Reno 6 - Albuquerque 3 |
BOTTOM OF THE 4TH |
Albuquerque Isotopes batting - Pitching for Reno Aces : RHP Grant Holmes
|
Batting: RHB Will Middlebrooks
|
0-0: Ball 1-0: Called Strike 1-1: Called Strike 1-2: Ball 2-2: Foul Ball, location: 2F 2-2: Ball 3-2: Foul Ball, location: 2F 3-2: Fly out, F7 (Flyball, 78S)
|
Batting: RHB Aarom Baldiris
|
0-0: Called Strike 0-1: Ball 1-1: Ball 2-1: Ball 3-1: Base on Balls
|
Batting: LHB Patrick Mazeika
|
0-0: Foul Ball, location: 2F 0-1: Ball 1-1: Swinging Strike 1-2: Ball 2-2: Foul Ball, location: 2F 2-2: DOUBLE (Line Drive, 78M) Aarom Baldiris to third Runner from 3rd tries for Home, SAFE, no throw
|
Batting: RHB Willy Adames
|
0-0: Called Strike 0-1: Ball 1-1: Ball 2-1: Ball 3-1: Fly out, F7 (Flyball, 78M)
|
Batting: LHB James Loney
|
0-0: Foul Ball, location: 2F 0-1: Ground out U3 (Groundball, 3)
|
Bottom of the 4th over - 1 run, 1 hit, 0 errors, 1 left on base; Reno 6 - Albuquerque 4 |
TOP OF THE 5TH |
Reno Aces batting - Pitching for Albuquerque Isotopes : RHP Miguel Almonte
|
Batting: RHB Gleyber Torres
|
0-0: Called Strike 0-1: Ground out 5-3 (Groundball, 56S)
|
Batting: LHB Austin Byler
|
0-0: Swinging Strike 0-1: Ball 1-1: Foul Ball, location: 2F 1-2: Strikes out swinging
|
Batting: RHB Ricky Eusebio
|
0-0: Ball 1-0: Ball 2-0: Ball 3-0: Called Strike 3-1: Base on Balls
|
Batting: LHB Pavin Smith
|
0-0: Called Strike Ricky Eusebio is caught stealing 2nd base
|
Top of the 5th over - 0 runs, 0 hits, 0 errors, 0 left on base; Reno 6 - Albuquerque 4 |
BOTTOM OF THE 5TH |
Albuquerque Isotopes batting - Pitching for Reno Aces : RHP Grant Holmes
|
Batting: RHB Franklin Gutierrez
|
0-0: Ball 1-0: Ball 2-0: Foul Ball, location: 2F 2-1: SINGLE (Groundball, 56D)
|
Batting: RHB Clint Frazier
|
0-0: Called Strike 0-1: Swinging Strike 0-2: Ball 1-2: Ball 2-2: Grounds into double play, 4-6-3 (Groundball, 4)
|
Batting: LHB Conor Gillaspie
|
0-0: Called Strike 0-1: Ball 1-1: Ball 2-1: Foul Ball, location: 2F 2-2: Foul Ball, location: 2F 2-2: Fly out, F7 (Flyball, 7D)
|
Bottom of the 5th over - 0 runs, 1 hit, 0 errors, 0 left on base; Reno 6 - Albuquerque 4 |
TOP OF THE 6TH |
Reno Aces batting - Pitching for Albuquerque Isotopes : RHP Miguel Almonte
|
Pitching: LHP Kraig Sitton
|
|
Batting: LHB Pavin Smith
|
0-0: Called Strike 0-1: Ball 1-1: Called Strike 1-2: Ball 2-2: Strikes out swinging
|
Batting: RHB Zack Short
|
0-0: Ball 1-0: Ball 2-0: Called Strike 2-1: Ball 3-1: Fly out, F9 (Flyball, 9LM)
|
Batting: LHB Jack Zoellner
|
0-0: Foul Ball, location: 2F 0-1: Ground out 4-3 (Groundball, 4S)
|
Top of the 6th over - 0 runs, 0 hits, 0 errors, 0 left on base; Reno 6 - Albuquerque 4 |
BOTTOM OF THE 6TH |
Albuquerque Isotopes batting - Pitching for Reno Aces : RHP Grant Holmes
|
Pitching: RHP Gage Hinsz
|
|
Batting: RHB Travis Denker
|
0-0: Called Strike 0-1: Called Strike 0-2: Foul Ball, location: 2F 0-2: Foul Ball, location: 2F 0-2: Ball 1-2: Fly out, F9 (Flyball, 9LD)
|
Batting: RHB Will Middlebrooks
|
0-0: Called Strike 0-1: Foul Ball, location: 2F 0-2: Ball 1-2: Strikes out swinging
|
Batting: RHB Aarom Baldiris
|
0-0: Foul Ball, location: 2F 0-1: Foul Ball, location: 2F 0-2: Ball 1-2: Foul Ball, location: 2F 1-2: Foul Ball, location: 2F 1-2: Foul Ball, location: 2F 1-2: Ground out 6-3 (Groundball, 6)
|
Bottom of the 6th over - 0 runs, 0 hits, 0 errors, 0 left on base; Reno 6 - Albuquerque 4 |
TOP OF THE 7TH |
Reno Aces batting - Pitching for Albuquerque Isotopes : LHP Kraig Sitton
|
Batting: RHB William Contreras
|
0-0: Ground out 5-3 (Groundball, 5)
|
Batting: RHB Michael O'Neill
|
0-0: Ball 1-0: Ball 2-0: Called Strike 2-1: Ball 3-1: Base on Balls
|
Batting: RHB Johan Cruz
|
0-0: Called Strike 0-1: Ball Michael O'Neill is caught stealing 2nd base 1-1: DOUBLE (Groundball, 5L)
|
Batting: RHB Gleyber Torres
|
0-0: Ball 1-0: Ball 2-0: Foul Ball, location: 2F 2-1: Ground out 5-3 (Groundball, 5S)
|
Top of the 7th over - 0 runs, 1 hit, 0 errors, 1 left on base; Reno 6 - Albuquerque 4 |
BOTTOM OF THE 7TH |
Albuquerque Isotopes batting - Pitching for Reno Aces : RHP Gage Hinsz
|
Batting: LHB Patrick Mazeika
|
0-0: SOLO HOME RUN (Flyball, 7LD), Distance : 347 ft
|
Batting: RHB Willy Adames
|
0-0: Ball 1-0: Ball 2-0: DOUBLE (Flyball, 89XD)
|
Batting: LHB James Loney
|
0-0: Ball 1-0: Called Strike 1-1: Ball 2-1: Ground out 4-3 (Groundball, 4) Willy Adames to third
|
Batting: RHB Franklin Gutierrez
|
0-0: Foul Ball, location: 2F 0-1: Ball 1-1: Fly out, F7 (Flyball, 7D) Runner from 3rd tags up, SCORES, no throw
|
Batting: RHB Clint Frazier
|
0-0: Foul Ball, location: 2F 0-1: DOUBLE (Line Drive, 8RXD)
|
Pitching: LHP Gregory Soto
|
|
Batting: LHB Conor Gillaspie
|
0-0: Swinging Strike 0-1: Foul Ball, location: 2F 0-2: Strikes out looking
|
Bottom of the 7th over - 2 runs, 3 hits, 0 errors, 1 left on base; Reno 6 - Albuquerque 6 |
TOP OF THE 8TH |
Reno Aces batting - Pitching for Albuquerque Isotopes : LHP Kraig Sitton
|
Batting: LHB Austin Byler
|
0-0: Ball 1-0: Called Strike 1-1: Swinging Strike 1-2: Foul Ball, location: 2F 1-2: Foul Ball, location: 2F 1-2: Foul Ball, location: 2F 1-2: Ball 2-2: Foul Ball, location: 2F 2-2: Foul Ball, location: 2F 2-2: Fly out, F9 (Line Drive, 9)
|
Batting: RHB Ricky Eusebio
|
0-0: Ball 1-0: Ball 2-0: Ball 3-0: Base on Balls
|
Pitching: RHP Preston Guilmet
|
|
Batting: LHB Pavin Smith
|
0-0: Called Strike 0-1: Foul Ball, location: 2F 0-2: Ball 1-2: Ball 2-2: Fielders Choice at 2nd, 1-6 (Groundball, 34S)
|
Batting: RHB Zack Short
|
0-0: Ball 1-0: DOUBLE (Line Drive, 89D) Pavin Smith to third Runner from 3rd tries for Home, SAFE, throw made home
|
Batting: LHB Jack Zoellner
|
0-0: Called Strike 0-1: Foul Ball, location: 2F 0-2: Foul Ball, location: 2F 0-2: Strikes out swinging
|
Top of the 8th over - 1 run, 1 hit, 0 errors, 1 left on base; Reno 7 - Albuquerque 6 |
BOTTOM OF THE 8TH |
Albuquerque Isotopes batting - Pitching for Reno Aces : LHP Gregory Soto
|
Batting: RHB Travis Denker
|
0-0: Ball 1-0: Foul Ball, location: 2F 1-1: Foul Ball, location: 2F 1-2: Ball 2-2: Foul Ball, location: 2F 2-2: SINGLE (Line Drive, 89M)
|
Batting: RHB Will Middlebrooks
|
0-0: Called Strike 0-1: Sac Bunt - play at first, batter OUT! 1-4 Travis Denker to second
|
Batting: RHB Aarom Baldiris
|
0-0: Ball 1-0: Ball 2-0: Ball 3-0: Base on Balls
|
Batting: LHB Patrick Mazeika
|
0-0: Ball 1-0: Swinging Strike 1-1: Ball 2-1: Ball 3-1: Base on Balls Travis Denker to third Aarom Baldiris to second
|
Pitching: LHP Thomas Szapucki
|
|
Batting: RHB Willy Adames
|
0-0: Ball 1-0: Fly out, F6 (Popup, 4M)
|
Pitching: LHP Anthony McIver
|
|
Batting: LHB James Loney
|
0-0: Ball 1-0: Called Strike 1-1: Foul Ball, location: 2F 1-2: SINGLE (Line Drive, 9S) Travis Denker scores Aarom Baldiris to third Patrick Mazeika to second Runner from 3rd tries for Home, SAFE, throw made home
|
Pitching: RHP Logan Shore
|
|
Batting: RHB Franklin Gutierrez
|
0-0: Foul Ball, location: 2F 0-1: Foul Ball, location: 2F 0-2: Ball 1-2: Ball 2-2: Ground out 6-3 (Groundball, 6MS)
|
Bottom of the 8th over - 2 runs, 2 hits, 0 errors, 2 left on base; Reno 7 - Albuquerque 8 |
TOP OF THE 9TH |
Reno Aces batting - Pitching for Albuquerque Isotopes : RHP Preston Guilmet
|
Pitching: RHP Reid Redman
|
|
Now in LF: Jaycob Brugman
|
|
Now in RF: Alexeis Bell
|
|
Batting: RHB William Contreras
|
0-0: Ball 1-0: Called Strike 1-1: Ball 2-1: Foul Ball, location: 2F 2-2: Ball 3-2: Ground out 5-3 (Groundball, 5L)
|
Batting: RHB Michael O'Neill
|
0-0: Ball 1-0: SINGLE (Groundball, 56D)
|
Batting: RHB Johan Cruz
|
0-0: Swinging Strike 0-1: Ball 1-1: Ground out 5-3 (Groundball, 6) Michael O'Neill to second
|
Batting: RHB Gleyber Torres
|
0-0: Called Strike 0-1: Swinging Strike 0-2: Foul Ball, location: 2F 0-2: Ball 1-2: Strikes out swinging
|
Top of the 9th over - 0 runs, 1 hit, 0 errors, 1 left on base; Reno 7 - Albuquerque 8 |
|